Map: Acropolis LE

Players

sayka

  • Race: Terran Terran
  • League: Diamond
  • Spawn Location: 11:00

Mez - Winner!

  • Race: Terran Terran
  • League: Master
  • Spawn Location: 5:00

VOD

Have the link to the VOD?

Description

Time

  • Played on: July 30, 2019, 1:07 a.m.
  • Length: 4:15
Show
View Real Time Build Order
Export as new Build Order

sayka Terran 

Build Orders: 1/1/1 

Get SALT Encoding   

  12  0:00  SCV  
  13  0:13  SCV  
  14  0:17  Supply Depot  
  14  0:25  SCV  
  14  0:27  Refinery  
  15  0:39  SCV  
  16  0:45  Barracks  
  16  0:51  SCV  
  17  1:03  SCV  
  18  1:11  Supply Depot  
  18  1:15  SCV  
  19  1:27  SCV  
  19  1:32  Marine  
  21  1:35  Factory  
  21  1:41  Orbital Command  
  21  1:50  Marine  
  22  2:03  Supply Depot  
  22  2:07  Marine  
  23  2:08  SCV  
  24  2:19  Hellion  
  24  2:20  Starport  
  27  2:22  SCV  
  27  2:29  Marine  
  27  2:35  SCV  
  29  2:37  Refinery  
  29  2:41  Hellion  
  31  2:47  SCV, Marine  
  33  3:00  SCV  
  33  3:03  Medivac  
  33  3:04  Hellion  
  38  3:06  Barracks Reactor  
  38  3:12  SCV  
  39  3:34  Supply Depot  
  39  3:35  Starport Tech Lab  
  39  3:41  Factory Tech Lab  
  39  3:45  Command Center  
  39  3:49  SCV  
  38  4:01  SCV  
Show
View Real Time Build Order
Export as new Build Order

Mez Terran - Winner!

Build Orders: Reaper Expand 

Get SALT Encoding   

  12  0:01  SCV  
  13  0:13  SCV  
  14  0:17  Supply Depot  
  14  0:25  SCV  
  15  0:39  SCV, Barracks  
  16  0:43  Refinery  
  16  0:51  SCV  
  17  1:03  SCV  
  18  1:15  SCV  
  19  1:28  Orbital Command  
  19  1:30  Reaper  
  20  1:41  Command Center  
  20  1:54  SCV  
  20  1:55  Barracks  
  21  2:02  Barracks Reactor  
  21  2:07  SCV  
  22  2:11  Supply Depot  
  22  2:17  Barracks  
  22  2:20  SCV  
  23  2:32  SCV  
  24  2:41  Marine x2  
  26  2:46  SCV  
  26  2:48  Barracks Tech Lab  
  28  2:59  Orbital Command  
  28  3:00  Marine x2  
  28  3:14  Marine, Marauder  
  28  3:15  Concussive Shells  
  28  3:16  SCV  
  28  3:18  Marine  
  33  3:20  Marine  
  33  3:26  SCV  
  35  3:28  SCV  
  35  3:29  Supply Depot  
  35  3:32  Marine  
  37  3:36  Marine, Marauder  
  37  3:37  Engineering Bay  
  37  3:38  Marine  
  41  3:46  SCV x2  
  43  3:49  Marine  
  44  3:56  Supply Depot  
  44  3:58  SCV  
  48  4:06  Missile Turret  
Tags
 
Add a new tag
Caveats
  • Supply blocks, unpowered buildings, or Contaminate may cause inaccurate times.
  • Supply counts are checked every 10 seconds.